Rocket vs Phantoms

Created - December 29, 2021 at 19:14

Goals
1 2 3 T
Rocket 1 0 1 2
Phantoms 0 2 2 4
Shots
1 2 3 T
Rocket 11 8 11 30
Phantoms 9 8 7 24

1st period

1. Rocket , Corey Trivino 3 (Tyler Pitlick 4, Mattias Tedenby 6) at 5:19

Penalties :
Michael Bournival (Leh) for Roughing (Minor) at 10:16, Jack Glover (Lav) for Hooking (Minor) at 14:39

2nd period

2. Phantoms , Morgan Klimchuk 3 (Cristoval Nieves 3) at 2:30
3. Phantoms , Travis Konecny 13 (Calle Jarnkrok 9, Jake Dotchin 7) at 10:32 (PP)

Penalties :
Adam Fox (Lav) for Holding (Minor) at 0:22, Andrey Pedan (Lav) for Hooking (Minor) at 7:11, Blake Hillman (Lav) for Interference (Minor) at 9:39, Blake Heinrich (Leh) for Hooking (Minor) at 12:57, Jake Dotchin (Leh) for Boarding (Minor) at 16:12

3rd period

4. Phantoms , Travis Konecny 14 (Michael Bournival 9, Calle Jarnkrok 10) at 0:32
5. Phantoms , Michael Bournival 2 (Calle Jarnkrok 11, Jake Dotchin 8) at 10:33 (SH)
6. Rocket , Andrei Mironov 2 (Mattias Tedenby 7, Tyler Pitlick 5) at 18:29 (PP)

Penalties :
Danton Heinen (Lav) for Holding Stick (Minor) at 2:12, Devon Teows (Leh) for High sticking (Minor) at 10:18, Travis Konecny (Leh) for Hooking (Minor) at 16:10, Blake Heinrich (Leh) for Hooking (Minor) at 18:17, Ty Rattie (Lav) for Hooking (Minor) at 18:42

Goalie Stats

Jean-Francois Berube (Lav), 20 saves from 24 shots - (0.833), L, 4-5-1, 60:00 minutes
Anton Forsberg (Leh), 28 saves from 30 shots - (0.933), W, 4-3-0, 60:00 minutes

Players Stats for Rocket

Player Name              G  A  P  +/- PIM S  H  SB GA TA FO     MP     PP MP  PK MP  
------------------------------------------------------------------------------------
Adam Fox                 0  0  0  -2  2   3  1  0  0  0  0/0    23:07   5:39   1:04 
Adrian Kempe             0  0  0  -1  0   0  4  0  0  0  0/0    16:34   5:20   1:31 
Andrei Mironov           1  0  1  -2  0   2  2  0  0  1  0/0    26:03   4:28   4:41 
Andrey Pedan             0  0  0   1  2   3  1  0  0  0  0/0    21:52   4:28   5:16 
Blake Hillman            0  0  0   0  2   0  0  0  0  0  0/0    11:42   0:00   0:05 
Corey Trivino            1  0  1  -1  0   9  2  0  0  0  12/27  21:12   4:53   3:22 
Danton Heinen            0  0  0  -1  2   0  4  0  0  1  1/1    17:21   5:19   2:22 
Dominic Turgeon          0  0  0  -1  0   2  0  0  0  1  1/2    10:33   0:41   0:03 
Jack Glover              0  0  0  -1  2   1  0  1  0  1  0/0    14:13   0:00   2:31 
Jiri Sekac               0  0  0  -1  0   2  1  0  0  0  0/0    11:01   0:31   0:35 
Karson Kuhlman           0  0  0   0  0   0  1  0  0  0  1/1     7:08   0:00   0:00 
Kole Sherwood            0  0  0   0  0   0  0  0  1  0  0/0     7:08   0:00   0:00 
Mattias Tedenby          0  2  2   0  0   6  1  0  0  1  7/9    22:56   4:22   5:29 
Peter Holland            0  0  0   0  0   0  2  1  0  0  8/12   15:23   4:33   1:18 
Sergey Tolchinsky        0  0  0   0  0   1  0  0  0  1  0/1     7:08   0:00   0:00 
Ty Rattie                0  0  0  -1  2   0  1  0  0  0  0/0    10:18   0:26   0:00 
Tyler Pitlick            0  2  2   0  0   1  3  0  0  1  0/1    22:49   4:16   5:32 
Viktor Loov              0  0  0   0  0   0  2  2  0  1  0/0    23:20   5:39   6:35 

Players Stats for Phantoms

Player Name              G  A  P  +/- PIM S  H  SB GA TA FO     MP     PP MP  PK MP  
------------------------------------------------------------------------------------
Alex DeBrincat           0  0  0   0  0   0  1  0  0  0  0/0    14:54   3:41   0:00 
Blake Heinrich           0  0  0   0  4   0  2  0  0  0  0/0    20:15   3:27   3:27 
Calle Jarnkrok           0  3  3   2  0   1  4  2  1  0  18/37  23:46   5:51   5:18 
Cristoval Nieves         0  1  1   0  0   1  2  0  2  1  4/6    16:17   3:41   1:08 
David Kampf              0  0  0  -1  0   0  1  0  1  0  1/1     6:00   0:00   0:00 
Devon Teows              0  0  0   1  2   0  0  1  0  0  0/0    12:49   0:00   0:54 
Erik Nystrom             0  0  0  -1  0   1  2  0  0  0  0/1     9:53   0:00   3:16 
Ivan Provorov            0  0  0   1  0   0  0  1  0  0  0/0    28:35   6:39   5:36 
Jake Dotchin             0  2  2   1  2   1  2  1  0  0  0/0    26:57   6:39   4:28 
JC Lipon                 0  0  0  -1  0   1  0  0  0  0  0/0     6:27   0:27   0:00 
Lucas Wallmarkk          0  0  0   1  0   2  0  0  0  0  0/4     9:34   0:34   0:00 
Michael Bournival        1  1  2   2  2   5  1  1  2  0  1/3    22:41   5:51   4:09 
Mikko Lehtonen           0  0  0   1  0   2  2  1  0  0  0/0    11:48   0:00   1:37 
Morgan Klimchuk          1  0  1   1  0   3  0  0  1  0  0/0    11:36   0:37   1:29 
Nick Sorensen            0  0  0   1  0   0  0  0  0  0  0/0     9:00   0:00   0:00 
Rinat Valiev             0  0  0   0  0   0  0  0  0  0  0/0    20:16   3:27   4:12 
Sven Andrighetto         0  0  0   0  0   1  5  0  0  0  0/1    18:10   3:45   2:52 
Travis Konecny           2  0  2   1  2   6  1  0  1  0  0/1    20:49   5:51   2:02 

3 Stars

1 - Calle Jarnkrok (Leh)
2 - Travis Konecny (Leh)
3 - Michael Bournival (Leh)

Power Play

Rocket - 1 on 6 Attempt(s) - 16.67%
Phantoms - 1 on 6 Attempt(s) - 16.67%

Penalty Kill

Rocket - 5 on 6 Attempt(s) - 83.33% - Score 0 goal in Penalty Kill
Phantoms - 5 on 6 Attempt(s) - 83.33% - Score 1 goal in Penalty Kill

Team Stat

Rocket - Hits : 25 - Faceoff Wins : 30 - Blocked Shots : 4 - Penalty Minutes : 12
Phantoms - Hits : 23 - Faceoff Wins : 24 - Blocked Shots : 7 - Penalty Minutes : 12

Official

Referees : Dean Morton and Corey Syvret
Linesman : Libor Suchanek and Shandor Alphonso

Game Notes

No Game Note

Finance

Level 1 -- Attendance: 1859 (92.95%) -- Ticket Income $65,065
Level 2 -- Attendance: 574 (57.40%) -- Ticket Income $11,480
Total Attendance: 2433 (81.10%)
Total Ticket Income: $76,545
Other Income: $3,827
Total Income: $80,372

Rocket

5 vs 5 Forward 
   Center                   Left Wing                Right Wing               Time % Phy DF OF 
 1 Corey Trivino            Tyler Pitlick            Mattias Tedenby          40     1   2  2  
 2 Peter Holland            Adrian Kempe             Danton Heinen            30     1   2  2  
 3 Dominic Turgeon          Jiri Sekac               Ty Rattie                20     1   2  2  
 4 Karson Kuhlman           Sergey Tolchinsky        Kole Sherwood            10     1   2  2  

5 vs 5 Defense 
   Defense                  Defense                                           Time % Phy DF OF 
 1 Andrei Mironov           Adam Fox                                          40     1   2  2  
 2 Viktor Loov              Andrey Pedan                                      30     1   2  2  
 3 Jack Glover              Blake Hillman                                     20     1   2  2  
 4 Viktor Loov              Andrey Pedan                                      10     1   2  2  

PowerPlay Forward 
   Center                   Left Wing                Right Wing               Time % Phy DF OF 
 1 Corey Trivino            Adrian Kempe             Danton Heinen            60     1   2  2  
 2 Peter Holland            Tyler Pitlick            Mattias Tedenby          40     1   2  2  

PowerPlay Defense
   Defense                  Defense                                           Time % Phy DF OF 
 1 Viktor Loov              Adam Fox                                          60     1   2  2  
 2 Andrei Mironov           Andrey Pedan                                      40     1   2  2  

Penalty Kill 4 Players Forward 
   Center                   Wing                     Time % Phy DF OF 
 1 Mattias Tedenby          Tyler Pitlick            60     1   2  2  
 2 Corey Trivino            Danton Heinen            40     1   2  2  

Penalty Kill 4 Players Defense
   Defense                  Defense                  Time % Phy DF OF 
 1 Viktor Loov              Andrey Pedan             60     1   2  2  
 2 Andrei Mironov           Jack Glover              40     1   2  2  

Penalty Kill - 3 Players Forward 
   Forward                                           Time % Phy DF OF 
 1 Mattias Tedenby                                   60     1   2  2  
 2 Tyler Pitlick                                     40     1   2  2  

Penalty Kill - 3 Players Defense
   Defense                  Defense                  Time % Phy DF OF 
 1 Viktor Loov              Andrey Pedan             60     1   2  2  
 2 Andrei Mironov           Jack Glover              40     1   2  2  

4 vs 4 Forward 
   Center                   Wing                     Time % Phy DF OF 
 1 Mattias Tedenby          Tyler Pitlick            60     1   2  2  
 2 Corey Trivino            Danton Heinen            40     1   2  2  

4 vs 4 Defense
   Defense                  Defense                  Time % Phy DF OF 
 1 Viktor Loov              Andrey Pedan             60     1   2  2  
 2 Andrei Mironov           Jack Glover              40     1   2  2  

Last Minutes Offensive
   Center                   Left Wing                Right Wing               Defense                  Defense                  
   Corey Trivino            Adrian Kempe             Danton Heinen            Viktor Loov              Andrey Pedan             

Last Minutes Defensive
   Center                   Left Wing                Right Wing               Defense                  Defense                  
   Corey Trivino            Tyler Pitlick            Mattias Tedenby          Viktor Loov              Andrey Pedan             

Goaltenders
Starting : Jean-Francois Berube     
Backup : Adam Werner              

Extra Forwards
Normal : Adrian Kempe, Danton Heinen, Mattias Tedenby - PP : Danton Heinen, Adrian Kempe - PK : Peter Holland
Extra Defensemen
Normal : Adam Fox, Viktor Loov, Andrei Mironov - PP : Adam Fox - PK : Andrey Pedan, Andrei Mironov
Penalty Shots
Mattias Tedenby, Tyler Pitlick, Corey Trivino, Danton Heinen, Viktor Loov

Scratches
Daniel Sprong (Healthy), Dean Kukan (Healthy), Mason Appleton (Healthy), Ryan Collins (Healthy), Tyler Lewington (Healthy)
Luke Kunin (Healthy), Mikhail Maltsev (Healthy)

Phantoms

5 vs 5 Forward 
   Center                   Left Wing                Right Wing               Time % Phy DF OF 
 1 Calle Jarnkrok           Michael Bournival        Travis Konecny           40     1   2  2  
 2 Cristoval Nieves         Alex DeBrincat           Sven Andrighetto         30     1   2  2  
 3 Lucas Wallmarkk          Morgan Klimchuk          Nick Sorensen            20     1   2  2  
 4 David Kampf              Erik Nystrom             JC Lipon                 10     1   2  2  

5 vs 5 Defense 
   Defense                  Defense                                           Time % Phy DF OF 
 1 Jake Dotchin             Ivan Provorov                                     40     1   2  2  
 2 Blake Heinrich           Rinat Valiev                                      30     1   2  2  
 3 Devon Teows              Mikko Lehtonen                                    20     1   2  2  
 4 Jake Dotchin             Ivan Provorov                                     10     1   2  2  

PowerPlay Forward 
   Center                   Left Wing                Right Wing               Time % Phy DF OF 
 1 Calle Jarnkrok           Michael Bournival        Travis Konecny           60     1   2  2  
 2 Cristoval Nieves         Alex DeBrincat           Sven Andrighetto         40     1   2  2  

PowerPlay Defense
   Defense                  Defense                                           Time % Phy DF OF 
 1 Jake Dotchin             Ivan Provorov                                     60     1   2  2  
 2 Blake Heinrich           Rinat Valiev                                      40     1   2  2  

Penalty Kill 4 Players Forward 
   Center                   Wing                     Time % Phy DF OF 
 1 Calle Jarnkrok           Michael Bournival        60     1   2  2  
 2 Travis Konecny           Sven Andrighetto         40     1   2  2  

Penalty Kill 4 Players Defense
   Defense                  Defense                  Time % Phy DF OF 
 1 Jake Dotchin             Ivan Provorov            60     1   2  2  
 2 Blake Heinrich           Rinat Valiev             40     1   2  2  

Penalty Kill - 3 Players Forward 
   Forward                                           Time % Phy DF OF 
 1 Calle Jarnkrok                                    60     1   2  2  
 2 Michael Bournival                                 40     1   2  2  

Penalty Kill - 3 Players Defense
   Defense                  Defense                  Time % Phy DF OF 
 1 Jake Dotchin             Ivan Provorov            60     1   2  2  
 2 Blake Heinrich           Rinat Valiev             40     1   2  2  

4 vs 4 Forward 
   Center                   Wing                     Time % Phy DF OF 
 1 Calle Jarnkrok           Michael Bournival        60     1   2  2  
 2 Travis Konecny           Sven Andrighetto         40     1   2  2  

4 vs 4 Defense
   Defense                  Defense                  Time % Phy DF OF 
 1 Jake Dotchin             Ivan Provorov            60     1   2  2  
 2 Blake Heinrich           Rinat Valiev             40     1   2  2  

Last Minutes Offensive
   Center                   Left Wing                Right Wing               Defense                  Defense                  
   Calle Jarnkrok           Michael Bournival        Travis Konecny           Jake Dotchin             Ivan Provorov            

Last Minutes Defensive
   Center                   Left Wing                Right Wing               Defense                  Defense                  
   Calle Jarnkrok           Michael Bournival        Travis Konecny           Jake Dotchin             Ivan Provorov            

Goaltenders
Starting : Anton Forsberg           
Backup : Zachary Fucale           

Extra Forwards
Normal : Morgan Klimchuk, Lucas Wallmarkk, Erik Nystrom - PP : Morgan Klimchuk, Lucas Wallmarkk - PK : Erik Nystrom
Extra Defensemen
Normal : Devon Teows, Mikko Lehtonen, Blake Heinrich - PP : Devon Teows - PK : Mikko Lehtonen, Blake Heinrich
Penalty Shots
Calle Jarnkrok, Michael Bournival, Travis Konecny, Sven Andrighetto, Alex DeBrincat

Scratches
A.J. Greer (Healthy), Anthony Angello (Healthy), Brendan Leipsic (Healthy), Brenden Kichton (Healthy), Cooper Marody (Healthy)
Laurent Dauphin (Healthy), Mark Alt (Healthy), Nick Shore (Healthy), Reid McNeill (Healthy), Brett Murray (Healthy)
Matt Kiersted (Healthy), Riley Stillman (Healthy), Jason Kasdorf (Healthy)

% Time on Ice - Rocket

Lines # - Real PCT - Wanted PCT - Time Play
Normal Forward
1 - 34% - 40% - 13:20
2 - 24% - 30% - 9:34
3 - 25% - 20% - 9:45
4 - 18% - 10% - 7:08
Normal Defense
1 - 41% - 40% - 16:18
2 - 28% - 30% - 11:04
3 - 28% - 20% - 11:17
4 - 3% - 10% - 1:08
PP Forward
1 - 55% - 60% - 5:34
2 - 45% - 40% - 4:33
PP Defense
1 - 56% - 60% - 5:39
2 - 44% - 40% - 4:28
PK Forward
1 - 75% - 60% - 7:36
2 - 25% - 40% - 2:30
PK Defense
1 - 64% - 60% - 6:25
2 - 36% - 40% - 3:41
PK3 Forward
1 - 0% - 60%
2 - 0% - 40%
PK3 Defense
1 - 0% - 60%
2 - 0% - 40%
44 Forward
1 - 0% - 60%
2 - 0% - 40%
44 Defense
1 - 0% - 60%
2 - 0% - 40%
Last Minute Offensive  - 0:00
Last Minute Defensive  - 0:00
Total
Forward - 60:00
Defense - 60:00

% Time on Ice - Phantoms

Lines # - Real PCT - Wanted PCT - Time Play
Normal Forward
1 - 33% - 40% - 13:14
2 - 29% - 30% - 11:33
3 - 23% - 20% - 9:00
4 - 15% - 10% - 6:00
Normal Defense
1 - 37% - 40% - 14:52
2 - 34% - 30% - 13:23
3 - 25% - 20% - 10:04
4 - 4% - 10% - 1:28
PP Forward
1 - 62% - 60% - 6:18
2 - 38% - 40% - 3:48
PP Defense
1 - 66% - 60% - 6:39
2 - 34% - 40% - 3:27
PK Forward
1 - 72% - 60% - 7:15
2 - 28% - 40% - 2:52
PK Defense
1 - 57% - 60% - 5:47
2 - 43% - 40% - 4:20
PK3 Forward
1 - 0% - 60%
2 - 0% - 40%
PK3 Defense
1 - 0% - 60%
2 - 0% - 40%
44 Forward
1 - 0% - 60%
2 - 0% - 40%
44 Defense
1 - 0% - 60%
2 - 0% - 40%
Last Minute Offensive  - 0:00
Last Minute Defensive  - 0:00
Total
Forward - 60:00
Defense - 60:00

Play-by-Play

1st period


0:01 of 1st period - Calle Jarnkrok wins face-off versus Corey Trivino in neutral zone.
0:16 of 1st period - Slapshot by Travis Konecny.
0:16 of 1st period - Deflect By Tyler Pitlick.
0:16 of 1st period - Stopped by Jean-Francois Berube with a rebound.
0:26 of 1st period - Ivan Provorov is hit by Andrei Mironov.
2:00 of 1st period - Slapshot by Michael Bournival.
2:00 of 1st period - Stopped by Jean-Francois Berube with a rebound.
2:24 of 1st period - Sergey Tolchinsky is hit by Erik Nystrom and loses puck.
3:03 of 1st period - Snap shot by Jiri Sekac.
3:03 of 1st period - Shot Misses the Net.
3:16 of 1st period - Icing by Ivan Provorov.
3:17 of 1st period - Peter Holland wins face-off versus Travis Konecny in Phantoms zone.
3:48 of 1st period - Wrist shot by Nick Sorensen.
3:48 of 1st period - Deflect By Lucas Wallmarkk.
3:48 of 1st period - Shot Misses the Net.
3:48 of 1st period - Puck is out of play.
3:49 of 1st period - Corey Trivino wins face-off versus Calle Jarnkrok in Rocket zone.
4:16 of 1st period - Lucas Wallmarkk is hit by Danton Heinen and loses puck.
4:35 of 1st period - Snap shot by Lucas Wallmarkk.
4:35 of 1st period - Stopped by Jean-Francois Berube with a rebound.
4:57 of 1st period - Slapshot by Ty Rattie.
4:57 of 1st period - Shot Misses the Net.
5:19 of 1st period - Snap shot by Corey Trivino.
5:19 of 1st period - Goal by Corey Trivino - Rocket : 1 - Phantoms : 0.
5:20 of 1st period - Corey Trivino wins face-off versus Calle Jarnkrok in neutral zone.
5:32 of 1st period - Icing by Travis Konecny.
5:33 of 1st period - Michael Bournival wins face-off versus Corey Trivino in Phantoms zone.
5:38 of 1st period - Wrist shot by Michael Bournival.
5:38 of 1st period - Stopped by Jean-Francois Berube with a rebound.
5:48 of 1st period - Backhand shot by Mattias Tedenby.
5:48 of 1st period - Stopped by Anton Forsberg with a rebound.
6:47 of 1st period - Off-side.
6:48 of 1st period - Corey Trivino wins face-off versus Calle Jarnkrok in neutral zone.
6:53 of 1st period - Snap shot by Tyler Pitlick.
6:53 of 1st period - Shot Misses the Net.
6:55 of 1st period - Snap shot by Corey Trivino.
6:55 of 1st period - Stopped by Anton Forsberg with a rebound.
6:57 of 1st period - Snap shot by Andrey Pedan.
6:57 of 1st period - Stopped by Anton Forsberg with a rebound.
6:59 of 1st period - Slapshot by Andrey Pedan.
6:59 of 1st period - Shot Blocked by Michael Bournival.
7:01 of 1st period - Snap shot by Tyler Pitlick.
7:01 of 1st period - Shot Blocked by Calle Jarnkrok.
7:03 of 1st period - Slapshot by Andrey Pedan.
7:03 of 1st period - Stopped by Anton Forsberg without a rebound.
7:04 of 1st period - Peter Holland wins face-off versus Cristoval Nieves in Phantoms zone.
7:22 of 1st period - Adrian Kempe is hit by Sven Andrighetto and loses puck.
7:36 of 1st period - Off-side.
7:37 of 1st period - Calle Jarnkrok wins face-off versus Corey Trivino in neutral zone.
7:44 of 1st period - Wrist shot by Travis Konecny.
7:44 of 1st period - Shot Blocked by Viktor Loov.
7:52 of 1st period - Snap shot by Travis Konecny.
7:52 of 1st period - Shot Misses the Net.
7:54 of 1st period - Slapshot by Rinat Valiev.
7:54 of 1st period - Deflect By Michael Bournival.
7:54 of 1st period - Stopped by Jean-Francois Berube without a rebound.
7:55 of 1st period - Cristoval Nieves wins face-off versus Peter Holland in Rocket zone.
8:22 of 1st period - Snap shot by Morgan Klimchuk.
8:22 of 1st period - Stopped by Jean-Francois Berube with a rebound.
8:24 of 1st period - Snap shot by Morgan Klimchuk.
8:24 of 1st period - Shot Misses the Net.
8:26 of 1st period - Wrist shot by Devon Teows.
8:26 of 1st period - Shot Misses the Net.
8:28 of 1st period - Slapshot by Mikko Lehtonen.
8:28 of 1st period - Deflect By Andrei Mironov.
8:28 of 1st period - Stopped by Jean-Francois Berube with a rebound.
8:30 of 1st period - Snap shot by Mikko Lehtonen.
8:30 of 1st period - Stopped by Jean-Francois Berube with a rebound.
9:05 of 1st period - Wrist shot by Jiri Sekac.
9:05 of 1st period - Stopped by Anton Forsberg without a rebound.
9:06 of 1st period - Cristoval Nieves wins face-off versus Dominic Turgeon in Phantoms zone.
9:20 of 1st period - Snap shot by Cristoval Nieves.
9:20 of 1st period - Shot Misses the Net.
9:53 of 1st period - Slapshot by Ty Rattie.
9:53 of 1st period - Shot Blocked by Ivan Provorov.
9:55 of 1st period - Wrist shot by Andrey Pedan.
9:55 of 1st period - Stopped by Anton Forsberg with a rebound.
9:57 of 1st period - Slapshot by Andrey Pedan.
9:57 of 1st period - Shot Blocked by Jake Dotchin.
9:59 of 1st period - Wrist shot by Dominic Turgeon.
9:59 of 1st period - Stopped by Anton Forsberg without a rebound.
10:00 of 1st period - Corey Trivino wins face-off versus Calle Jarnkrok in Phantoms zone.
10:16 of 1st period - Minor Penalty to Michael Bournival for Roughing.
10:17 of 1st period - Calle Jarnkrok wins face-off versus Corey Trivino in Phantoms zone.
11:10 of 1st period - Slapshot by Cristoval Nieves.
11:10 of 1st period - Shot Misses the Net.
12:16 of 1st period - Penalty to Michael Bournival is over, Michael Bournival is back on ice.
12:38 of 1st period - Morgan Klimchuk is hit by Ty Rattie and loses puck.
12:45 of 1st period - Snap shot by Ty Rattie.
12:45 of 1st period - Shot Blocked by Devon Teows.
12:47 of 1st period - Slapshot by Dominic Turgeon.
12:47 of 1st period - Stopped by Anton Forsberg with a rebound.
13:31 of 1st period - Andrei Mironov is hit by Erik Nystrom and loses puck.
14:21 of 1st period - Icing by Morgan Klimchuk.
14:22 of 1st period - Karson Kuhlman wins face-off versus Lucas Wallmarkk in Phantoms zone.
14:23 of 1st period - Snap shot by Sergey Tolchinsky.
14:23 of 1st period - Stopped by Anton Forsberg with a rebound.
14:25 of 1st period - Wrist shot by Corey Trivino.
14:25 of 1st period - Stopped by Anton Forsberg without a rebound.
14:26 of 1st period - Cristoval Nieves wins face-off versus Corey Trivino in Phantoms zone.
14:26 of 1st period - Cristoval Nieves is hit by Tyler Pitlick.
14:34 of 1st period - Wrist shot by Cristoval Nieves.
14:34 of 1st period - Stopped by Jean-Francois Berube with a rebound.
14:39 of 1st period - Minor Penalty to Jack Glover for Hooking.
14:40 of 1st period - Mattias Tedenby wins face-off versus Calle Jarnkrok in Rocket zone.
15:33 of 1st period - Blake Heinrich is hit by Andrey Pedan and loses puck.
16:39 of 1st period - Penalty to Jack Glover is over, Jack Glover is back on ice.
16:56 of 1st period - Slapshot by Morgan Klimchuk.
16:56 of 1st period - Shot Misses the Net.
17:06 of 1st period - Ty Rattie is hit by David Kampf and loses puck.
18:21 of 1st period - Mikko Lehtonen is hit by Danton Heinen and loses puck.
19:05 of 1st period - Cristoval Nieves is hit by Adrian Kempe and loses puck.
19:21 of 1st period - Dominic Turgeon is hit by Sven Andrighetto and loses puck.
19:33 of 1st period - Icing by Rinat Valiev.
19:34 of 1st period - Cristoval Nieves wins face-off versus Sergey Tolchinsky in Phantoms zone.
19:41 of 1st period - Travis Konecny is hit by Karson Kuhlman.
Goals for this period are 1 for Rocket vs 0 for Phantoms.
Shots for this period are 11 for Rocket vs 9 for Phantoms.

2nd period


0:01 of 2nd period - Calle Jarnkrok wins face-off versus Corey Trivino in neutral zone.
0:16 of 2nd period - Snap shot by Travis Konecny.
0:16 of 2nd period - Stopped by Jean-Francois Berube with a rebound.
0:22 of 2nd period - Minor Penalty to Adam Fox for Holding.
0:23 of 2nd period - Calle Jarnkrok wins face-off versus Mattias Tedenby in Rocket zone.
1:00 of 2nd period - Danton Heinen is hit by Sven Andrighetto and loses puck.
1:59 of 2nd period - Michael Bournival is hit by Corey Trivino and loses puck.
2:22 of 2nd period - Penalty to Adam Fox is over, Adam Fox is back on ice.
2:30 of 2nd period - Snap shot by Morgan Klimchuk.
2:30 of 2nd period - Goal by Morgan Klimchuk - Rocket : 1 - Phantoms : 1.
2:31 of 2nd period - Peter Holland wins face-off versus Lucas Wallmarkk in neutral zone.
2:38 of 2nd period - Jake Dotchin is hit by Peter Holland and loses puck.
3:00 of 2nd period - Off-side.
3:01 of 2nd period - Calle Jarnkrok wins face-off versus Corey Trivino in neutral zone.
3:08 of 2nd period - Snap shot by Corey Trivino.
3:08 of 2nd period - Stopped by Anton Forsberg with a rebound.
3:10 of 2nd period - Wrist shot by Corey Trivino.
3:10 of 2nd period - Stopped by Anton Forsberg with a rebound.
3:12 of 2nd period - Wrist shot by Corey Trivino.
3:12 of 2nd period - Stopped by Anton Forsberg without a rebound.
3:13 of 2nd period - Corey Trivino wins face-off versus Calle Jarnkrok in Phantoms zone.
3:26 of 2nd period - Snap shot by Travis Konecny.
3:26 of 2nd period - Deflect By Michael Bournival.
3:26 of 2nd period - Shot Misses the Net.
3:26 of 2nd period - Puck is out of play.
3:27 of 2nd period - Corey Trivino wins face-off versus Calle Jarnkrok in Rocket zone.
3:40 of 2nd period - Wrist shot by Andrei Mironov.
3:40 of 2nd period - Stopped by Anton Forsberg without a rebound.
3:41 of 2nd period - Corey Trivino wins face-off versus Calle Jarnkrok in Phantoms zone.
3:44 of 2nd period - Snap shot by Mattias Tedenby.
3:44 of 2nd period - Stopped by Anton Forsberg without a rebound.
3:45 of 2nd period - Calle Jarnkrok wins face-off versus Corey Trivino in Phantoms zone.
4:02 of 2nd period - Jake Dotchin is hit by Corey Trivino and loses puck.
4:13 of 2nd period - Wrist shot by Jiri Sekac.
4:13 of 2nd period - Shot Misses the Net.
4:21 of 2nd period - Jiri Sekac is hit by Calle Jarnkrok and loses puck.
4:30 of 2nd period - Snap shot by Calle Jarnkrok.
4:30 of 2nd period - Shot Misses the Net.
4:32 of 2nd period - Wrist shot by Travis Konecny.
4:32 of 2nd period - Stopped by Jean-Francois Berube without a rebound.
4:33 of 2nd period - Corey Trivino wins face-off versus Cristoval Nieves in Rocket zone.
4:46 of 2nd period - Backhand shot by Andrey Pedan.
4:46 of 2nd period - Shot Hit the Post.
4:58 of 2nd period - Slapshot by Lucas Wallmarkk.
4:58 of 2nd period - Shot Misses the Net.
5:20 of 2nd period - Viktor Loov is hit by Mikko Lehtonen and loses puck.
6:35 of 2nd period - Wrist shot by Morgan Klimchuk.
6:35 of 2nd period - Stopped by Jean-Francois Berube with a rebound.
7:11 of 2nd period - Minor Penalty to Andrey Pedan for Hooking.
7:12 of 2nd period - Mattias Tedenby wins face-off versus Michael Bournival in Rocket zone.
8:25 of 2nd period - Icing by Alex DeBrincat.
8:26 of 2nd period - Peter Holland wins face-off versus Calle Jarnkrok in Phantoms zone.
8:41 of 2nd period - Sven Andrighetto is hit by Tyler Pitlick.
9:11 of 2nd period - Penalty to Andrey Pedan is over, Andrey Pedan is back on ice.
9:31 of 2nd period - Slapshot by Adam Fox.
9:31 of 2nd period - Deflect By Nick Sorensen.
9:31 of 2nd period - Stopped by Anton Forsberg without a rebound.
9:32 of 2nd period - David Kampf wins face-off versus Peter Holland in Phantoms zone.
9:32 of 2nd period - David Kampf is hit by Adrian Kempe.
9:39 of 2nd period - Minor Penalty to Blake Hillman for Interference.
9:40 of 2nd period - Calle Jarnkrok wins face-off versus Mattias Tedenby in Rocket zone.
9:56 of 2nd period - Snap shot by Michael Bournival.
9:56 of 2nd period - Stopped by Jean-Francois Berube without a rebound.
9:57 of 2nd period - Mattias Tedenby wins face-off versus Calle Jarnkrok in Rocket zone.
9:57 of 2nd period - Mattias Tedenby is hit by Calle Jarnkrok.
10:09 of 2nd period - Calle Jarnkrok is hit by Viktor Loov and loses puck.
10:13 of 2nd period - Icing by Jake Dotchin.
10:14 of 2nd period - Mattias Tedenby wins face-off versus Calle Jarnkrok in Phantoms zone.
10:19 of 2nd period - Snap shot by Mattias Tedenby.
10:19 of 2nd period - Stopped by Anton Forsberg with a rebound.
10:32 of 2nd period - Snap shot by Travis Konecny.
10:32 of 2nd period - Goal by Travis Konecny - Rocket : 1 - Phantoms : 2.
10:33 of 2nd period - Calle Jarnkrok wins face-off versus Corey Trivino in neutral zone.
11:00 of 2nd period - Peter Holland is hit by Cristoval Nieves and loses puck.
11:47 of 2nd period - Snap shot by Erik Nystrom.
11:47 of 2nd period - Shot Blocked by Jack Glover.
12:03 of 2nd period - Wrist shot by Travis Konecny.
12:03 of 2nd period - Stopped by Jean-Francois Berube without a rebound.
12:04 of 2nd period - Calle Jarnkrok wins face-off versus Corey Trivino in Rocket zone.
12:28 of 2nd period - Blake Heinrich is hit by Mattias Tedenby.
12:57 of 2nd period - Minor Penalty to Blake Heinrich for Hooking.
12:58 of 2nd period - Calle Jarnkrok wins face-off versus Corey Trivino in Phantoms zone.
12:58 of 2nd period - Calle Jarnkrok is hit by Adrian Kempe.
14:19 of 2nd period - Viktor Loov is hit by Jake Dotchin and loses puck.
14:40 of 2nd period - Rinat Valiev is hit by Andrei Mironov and loses puck.
14:57 of 2nd period - Penalty to Blake Heinrich is over, Blake Heinrich is back on ice.
15:16 of 2nd period - Wrist shot by Kole Sherwood.
15:16 of 2nd period - Shot Misses the Net.
16:05 of 2nd period - Cristoval Nieves is hit by Danton Heinen and loses puck.
16:12 of 2nd period - Minor Penalty to Jake Dotchin for Boarding.
16:13 of 2nd period - Calle Jarnkrok wins face-off versus Corey Trivino in Phantoms zone.
16:30 of 2nd period - Danton Heinen is hit by Michael Bournival and loses puck.
18:12 of 2nd period - Penalty to Jake Dotchin is over, Jake Dotchin is back on ice.
18:13 of 2nd period - Jake Dotchin is hit by Jiri Sekac and loses puck.
18:26 of 2nd period - Wrist shot by Morgan Klimchuk.
18:26 of 2nd period - Shot Misses the Net.
19:37 of 2nd period - Snap shot by Erik Nystrom.
19:37 of 2nd period - Shot Misses the Net.
19:39 of 2nd period - Slapshot by Blake Heinrich.
19:39 of 2nd period - Shot Blocked by Viktor Loov.
19:41 of 2nd period - Slapshot by JC Lipon.
19:41 of 2nd period - Stopped by Jean-Francois Berube without a rebound.
19:42 of 2nd period - Mattias Tedenby wins face-off versus Sven Andrighetto in Rocket zone.
19:42 of 2nd period - Mattias Tedenby is hit by Mikko Lehtonen.
19:56 of 2nd period - Backhand shot by Mattias Tedenby.
19:56 of 2nd period - Shot Misses the Net.
19:58 of 2nd period - Snap shot by Corey Trivino.
19:58 of 2nd period - Stopped by Anton Forsberg without a rebound.
19:59 of 2nd period - Calle Jarnkrok wins face-off versus Peter Holland in Phantoms zone.
19:59 of 2nd period - Calle Jarnkrok is hit by Peter Holland.
Goals for this period are 0 for Rocket vs 2 for Phantoms.
Shots for this period are 8 for Rocket vs 8 for Phantoms.

3rd period


0:01 of 3rd period - Peter Holland wins face-off versus Michael Bournival in neutral zone.
0:08 of 3rd period - Icing by Michael Bournival.
0:09 of 3rd period - Calle Jarnkrok wins face-off versus Peter Holland in Phantoms zone.
0:16 of 3rd period - Snap shot by Calle Jarnkrok.
0:16 of 3rd period - Stopped by Jean-Francois Berube with a rebound.
0:18 of 3rd period - Wrist shot by Travis Konecny.
0:18 of 3rd period - Deflect By Michael Bournival.
0:18 of 3rd period - Shot Blocked by Peter Holland.
0:18 of 3rd period - Puck is out of play.
0:19 of 3rd period - Calle Jarnkrok wins face-off versus Tyler Pitlick in Rocket zone.
0:32 of 3rd period - Slapshot by Travis Konecny.
0:32 of 3rd period - Goal by Travis Konecny - Rocket : 1 - Phantoms : 3.
0:33 of 3rd period - Corey Trivino wins face-off versus Calle Jarnkrok in neutral zone.
0:38 of 3rd period - Calle Jarnkrok is hit by Tyler Pitlick and loses puck.
0:49 of 3rd period - Andrei Mironov is hit by Calle Jarnkrok.
1:21 of 3rd period - Adam Fox is hit by Sven Andrighetto.
2:12 of 3rd period - Minor Penalty to Danton Heinen for Holding Stick.
2:13 of 3rd period - Mattias Tedenby wins face-off versus Calle Jarnkrok in Rocket zone.
2:13 of 3rd period - Mattias Tedenby is hit by Travis Konecny.
3:32 of 3rd period - Jiri Sekac is hit by Alex DeBrincat and loses puck.
4:12 of 3rd period - Penalty to Danton Heinen is over, Danton Heinen is back on ice.
4:23 of 3rd period - Snap shot by Adam Fox.
4:23 of 3rd period - Stopped by Anton Forsberg with a rebound.
4:25 of 3rd period - Wrist shot by Sergey Tolchinsky.
4:25 of 3rd period - Shot Misses the Net.
4:27 of 3rd period - Snap shot by Sergey Tolchinsky.
4:27 of 3rd period - Shot Misses the Net.
4:29 of 3rd period - Snap shot by Kole Sherwood.
4:29 of 3rd period - Shot Misses the Net.
5:30 of 3rd period - Wrist shot by Sergey Tolchinsky.
5:30 of 3rd period - Shot Misses the Net.
5:44 of 3rd period - Ivan Provorov is hit by Danton Heinen and loses puck.
6:28 of 3rd period - Adam Fox is hit by Blake Heinrich and loses puck.
6:52 of 3rd period - Snap shot by Lucas Wallmarkk.
6:52 of 3rd period - Stopped by Jean-Francois Berube with a rebound.
7:15 of 3rd period - Cristoval Nieves is hit by Adrian Kempe and loses puck.
7:43 of 3rd period - Michael Bournival is hit by Adam Fox.
8:19 of 3rd period - Wrist shot by Corey Trivino.
8:19 of 3rd period - Stopped by Anton Forsberg with a rebound.
8:25 of 3rd period - Snap shot by Sergey Tolchinsky.
8:25 of 3rd period - Shot Misses the Net.
9:20 of 3rd period - Snap shot by Travis Konecny.
9:20 of 3rd period - Shot Misses the Net.
10:09 of 3rd period - Off-side.
10:10 of 3rd period - Peter Holland wins face-off versus Lucas Wallmarkk in neutral zone.
10:18 of 3rd period - Minor Penalty to Devon Teows for High sticking.
10:19 of 3rd period - Calle Jarnkrok wins face-off versus Corey Trivino in Phantoms zone.
10:33 of 3rd period - Snap shot by Michael Bournival.
10:33 of 3rd period - Goal by Michael Bournival - Rocket : 1 - Phantoms : 4.
10:34 of 3rd period - Danton Heinen wins face-off versus Calle Jarnkrok in neutral zone.
11:06 of 3rd period - Backhand shot by Tyler Pitlick.
11:06 of 3rd period - Shot Misses the Net.
12:18 of 3rd period - Penalty to Devon Teows is over, Devon Teows is back on ice.
12:27 of 3rd period - Slapshot by Jake Dotchin.
12:27 of 3rd period - Shot Misses the Net.
13:32 of 3rd period - Adam Fox is hit by Cristoval Nieves and loses puck.
13:57 of 3rd period - Wrist shot by Lucas Wallmarkk.
13:57 of 3rd period - Shot Misses the Net.
14:09 of 3rd period - Wrist shot by Mattias Tedenby.
14:09 of 3rd period - Stopped by Anton Forsberg with a rebound.
14:29 of 3rd period - Ty Rattie is hit by Blake Heinrich and loses puck.
14:36 of 3rd period - Ty Rattie is hit by Sven Andrighetto and loses puck.
14:51 of 3rd period - Snap shot by Mattias Tedenby.
14:51 of 3rd period - Stopped by Anton Forsberg with a rebound.
14:53 of 3rd period - Snap shot by Corey Trivino.
14:53 of 3rd period - Stopped by Anton Forsberg without a rebound.
14:54 of 3rd period - Corey Trivino wins face-off versus Calle Jarnkrok in Phantoms zone.
14:55 of 3rd period - Slapshot by Mattias Tedenby.
14:55 of 3rd period - Stopped by Anton Forsberg with a rebound.
14:57 of 3rd period - Wrist shot by Corey Trivino.
14:57 of 3rd period - Shot Misses the Net.
14:59 of 3rd period - Snap shot by Tyler Pitlick.
14:59 of 3rd period - Stopped by Anton Forsberg with a rebound.
15:01 of 3rd period - Slapshot by Tyler Pitlick.
15:01 of 3rd period - Shot Blocked by Mikko Lehtonen.
15:37 of 3rd period - Adam Fox is hit by Jake Dotchin and loses puck.
15:48 of 3rd period - Backhand shot by Erik Nystrom.
15:48 of 3rd period - Stopped by Jean-Francois Berube without a rebound.
15:49 of 3rd period - Corey Trivino wins face-off versus Calle Jarnkrok in Rocket zone.
15:55 of 3rd period - Off-side.
15:56 of 3rd period - Corey Trivino wins face-off versus Calle Jarnkrok in neutral zone.
15:59 of 3rd period - Slapshot by Jack Glover.
15:59 of 3rd period - Stopped by Anton Forsberg without a rebound.
16:00 of 3rd period - Calle Jarnkrok wins face-off versus Corey Trivino in Phantoms zone.
16:10 of 3rd period - Minor Penalty to Travis Konecny for Hooking.
16:11 of 3rd period - Calle Jarnkrok wins face-off versus Corey Trivino in Phantoms zone.
16:11 of 3rd period - Calle Jarnkrok is hit by Viktor Loov.
16:44 of 3rd period - Slapshot by Sven Andrighetto.
16:44 of 3rd period - Stopped by Jean-Francois Berube without a rebound.
16:45 of 3rd period - Peter Holland wins face-off versus Erik Nystrom in Rocket zone.
18:10 of 3rd period - Penalty to Travis Konecny is over, Travis Konecny is back on ice.
18:15 of 3rd period - Wrist shot by Jiri Sekac.
18:15 of 3rd period - Stopped by Anton Forsberg with a rebound.
18:17 of 3rd period - Minor Penalty to Blake Heinrich for Hooking.
18:18 of 3rd period - Peter Holland wins face-off versus Calle Jarnkrok in Phantoms zone.
18:25 of 3rd period - Slapshot by Mattias Tedenby.
18:25 of 3rd period - Shot Blocked by Calle Jarnkrok.
18:27 of 3rd period - Wrist shot by Andrei Mironov.
18:27 of 3rd period - Shot Misses the Net.
18:29 of 3rd period - Slapshot by Andrei Mironov.
18:29 of 3rd period - Goal by Andrei Mironov - Rocket : 2 - Phantoms : 4.
18:30 of 3rd period - Dominic Turgeon wins face-off versus Lucas Wallmarkk in neutral zone.
18:33 of 3rd period - Slapshot by Adam Fox.
18:33 of 3rd period - Stopped by Anton Forsberg with a rebound.
18:42 of 3rd period - Minor Penalty to Ty Rattie for Hooking.
18:43 of 3rd period - Mattias Tedenby wins face-off versus Calle Jarnkrok in Rocket zone.
18:55 of 3rd period - Slapshot by Ivan Provorov.
18:55 of 3rd period - Shot Hit the Post.
18:57 of 3rd period - Slapshot by Jake Dotchin.
18:57 of 3rd period - Stopped by Jean-Francois Berube with a rebound.
19:36 of 3rd period - Tyler Pitlick is hit by Calle Jarnkrok and loses puck.
Goals for this period are 1 for Rocket vs 2 for Phantoms.
Shots for this period are 11 for Rocket vs 7 for Phantoms.